 Dungeon Crawl Stone Soup version 0.27.0 (webtiles) character file.

Game seed: 8163244632576430764

176 shadowrider38 the Chopper (level 5, -1/46 HPs)
             Began as a Minotaur Berserker on July 30, 2021.
             Was a Believer of Trog.
             Succumbed to a scorpion's poison
             ... on level 4 of the Dungeon.
             The game lasted 00:02:58 (3288 turns).

shadowrider38 the Chopper (Minotaur Berserker)      Turns: 3288, Time: 00:02:58

Health: -1/46      AC:  2    Str: 23    XL:     5   Next: 30%
Magic:  4/4        EV: 12    Int:  4    God:    Trog [**....]
Gold:   86         SH:  0    Dex:  9    Spells: 4/4 levels left

rFire    . . .     SeeInvis .   a - +0 hand axe
rCold    . . .     Faith    .   (no shield)
rNeg     . . .     Spirit   .   b - +0 animal skin
rPois    .         Reflect  .   (helmet restricted)
rElec    .         Harm     .   (no cloak)
rCorr    .         Rampage  .   (no gloves)
Will     .....                  (no boots)
Stlth    +.........             (no amulet)
HPRegen  0.15/turn              (no ring)
MPRegen  0.09/turn              (no ring)

@: lethally poisoned (-1 -> -4), on berserk cooldown, slowed, very slow
A: horns 2, retaliatory headbutt
a: Renounce Religion, Berserk, Trog's Hand


You were on level 4 of the Dungeon.
You worshipped Trog.
Trog was pleased with you.
You visited 1 branch of the dungeon, and saw 4 of its levels.

You collected 86 gold pieces.

Inventory:

Hand Weapons
 a - a +0 hand axe (weapon)
Missiles
 g - a throwing net (quivered)
Armour
 b - a +0 animal skin (worn)
 k - a scarf of shadows
Jewellery
 d - a ring of flight
 e - a +6 ring of dexterity
Scrolls
 c - 2 scrolls of identify {unknown}
 f - 2 scrolls of blinking {unknown}
 i - a scroll of fear {unknown}
 j - a scroll of brand weapon {unknown}
Potions
 h - a potion of curing {unknown}


   Skills:
 - Level 4.1 Fighting
 + Level 6.9 Axes
 - Level 2.5 Armour
 - Level 2.3 Dodging


You had 4 spell levels left.
You didn't know any spells.
Your spell library was empty.

Dungeon Overview and Level Annotations

Branches:
Dungeon (4/15)
 Temple: D:4-7

Altars:


Innate Abilities, Weirdness & Mutations

You have a pair of horns on your head.
You reflexively headbutt those who attack you in melee.


Message History

You hit the hobgoblin.
You kill the hobgoblin!
Trog accepts your kill.
You barely miss the scorpion. The scorpion stings you!
* * * LOW HITPOINT WARNING * * *
Your Axes skill increases to level 6!
You hit the scorpion but do no damage.
The scorpion is lightly wounded.
You closely miss the goblin. The scorpion barely misses you.
The goblin hits you with a +0 dagger.
* * * LOW HITPOINT WARNING * * *
You barely miss the scorpion. Your headbutt misses the scorpion.
The scorpion is lightly wounded.
You slash the goblin!
You kill the goblin!
Trog accepts your kill.
A howler monkey skeleton comes into view.
The scorpion stings you.
* * * LOW HITPOINT WARNING * * *
You are lethally poisoned!
The scorpion poisons you!
You hit the scorpion.
The scorpion is moderately wounded.
* * * LOW HITPOINT WARNING * * *
You feel sick.
You slash the scorpion!
You kill the scorpion!
Trog accepts your kill.
* * * LOW HITPOINT WARNING * * *
You feel sick.
You have reached level 5!
You feel a strong urge to attack something.
* * * LOW HITPOINT WARNING * * *
You feel sick.
* * * LOW HITPOINT WARNING * * *
You feel sick.
You feel your anger nearly subside.
You are no longer berserk.
You are exhausted.
You feel yourself slow down.
You die...

.........?......
............#
...##Z.....## ..##.......#
#.##<.##...## #
#.#...##....# #.
#...))†.....##
#.##...)........#####
####...)........@.<....#.
..........................
##................#.##.###
................†...# #
.#.<###.......(...### ....
#...##.#.#..[. #.#
#..#....###.#### ..
......(.. .[. . #.....#
##.


There were no monsters in sight!

Vanquished Creatures
  A scorpion (D:4)
  An orc wizard (D:4)
  4 adders
  An adder skeleton (D:4)
  2 worms
  A dart slug (D:2)
  3 orcs
  3 ball pythons
  5 bats
  3 endoplasms
  3 giant cockroaches
  5 goblins
  3 hobgoblins
  3 jackals
  A quokka (D:4)
  2 frilled lizards
  4 kobolds
  A rat (D:2)
46 creatures vanquished.

Notes
Turn   | Place    | Note
-------+----------+-------------------------------------------
     0 | D:1      | shadowrider38 the Minotaur Berserker began the quest for
                  | the Orb.
     0 | D:1      | Reached XP level 1. HP: 19/19 MP: 0/0
   679 | D:2      | Reached skill level 4 in Axes
   679 | D:2      | Reached XP level 2. HP: 27/27 MP: 1/1
  1147 | D:2      | Reached XP level 3. HP: 15/33 MP: 2/2
  1431 | D:2      | Reached skill level 5 in Axes
  1924 | D:2      | Reached ** piety under Trog
  2514 | D:3      | Reached XP level 4. HP: 31/40 MP: 3/3
  3262 | D:4      | Noticed a scorpion
  3280 | D:4      | Reached skill level 6 in Axes
  3282 | D:4      | HP: 3/60 [poisoned by a scorpion]
  3283 | D:4      | Killed a scorpion
  3284 | D:4      | Reached XP level 5. HP: 3/46 MP: 4/4
  3286 | D:4      | HP: 1/69 [poisoned by a scorpion]
  3288 | D:4      | Succumbed to a scorpion's poison

Illustrated notes

Levels and vault maps discovered:
D:1:      minmay_arrival_plants_in_alcoves, layout_loops_cross
D:2:      layout_rooms, minmay_three_crescents
D:3:      layout_loops_ring
D:4:      layout_rooms, pdpol_wu_jian_five_deadly_venoms,
          nicolae_ru_path_of_blood, gup_sewer_entry_bubbles

Skill      XL: |  1  2  3  4 |
---------------+-------------+-----
Axes           | 4 5 6 |  6.9
Fighting       | 4 |  4.1
Armour         | |  2.5
Dodging        | |  2.3

Action                   |  1- 3 |  4- 6 || total
-------------------------+-------+-------++-------
Melee: Hand axe          |    62 |    33 ||    95
       Headbutt          |     6 |     2 ||     8
Invok: Berserk           |     1 |     1 ||     2
 Stab: Sleeping          |     1 |       ||     1
Armor: Animal skin       |     8 |     7 ||    15
Dodge: Dodged            |    45 |    16 ||    61
